Map: Jungle Depths LE

Players

notsobig

  • Race: Protoss Protoss
  • Spawn Location: 7:00

EdBoi

  • Race: Protoss Protoss
  • Spawn Location: 7:00

ShadowDragon

  • Race: Zerg Zerg
  • Spawn Location: 7:00

Faust - Winner!

  • Race: Zerg Zerg
  • League: Diamond
  • Spawn Location: 1:00

Cthulhu - Winner!

  • Race: Terran Terran
  • Spawn Location: 1:00

Throwfordays - Winner!

  • Race: Zerg Zerg
  • League: Silver
  • Spawn Location: 3:00

VOD

Have the link to the VOD?

Description

Time

  • Played on: July 4, 2020, 9:39 p.m.
  • Length: 10:09
Show
View Real Time Build Order
Export as new Build Order

notsobig Protoss 

Build Orders:  

Get SALT Encoding   

  12  0:01  Probe  
  13  0:13  Probe  
  14  0:26  Probe  
  15  0:30  Pylon  
  15  0:53  Gateway x2  
  15  0:58  Probe  
  15  1:01  Assimilator  
  16  1:05  Assimilator  
  16  1:23  Probe  
  17  1:35  Probe  
  18  1:44  Cybernetics Core  
  18  1:46  Pylon  
  19  1:47  Probe  
  19  1:59  Probe  
  20  2:11  Stalker x2  
  20  2:14  Gateway, Warp Gate  
  20  2:16  Probe  
  25  2:28  Probe  
  26  2:51  Stalker x2  
  26  2:53  Probe  
  31  3:00  Pylon x2  
  29  3:24  Stalker  
  29  3:25  Stalker x2  
  33  3:40  Robotics Facility  
  27  4:13  Stalker x3  
  29  4:35  Nexus  
  29  4:44  Stalker x2  
  33  5:02  Forge  
  33  5:12  Immortal  
  37  5:31  Pylon  
  37  5:35  Stalker x2  
  41  5:45  Probe  
  41  5:46  Probe  
  43  5:56  Protoss Ground Weapons Level 1  
  43  5:57  Probe  
  44  6:09  Probe  
  44  6:10  Photon Cannon  
  44  6:11  Photon Cannon  
  45  6:21  Probe  
  46  6:27  Assimilator  
  46  6:33  Assimilator, Probe  
  47  6:57  Gateway  
  47  7:00  Gateway  
  47  7:01  Probe  
  47  7:06  Stalker  
  47  7:07  Stalker  
  52  7:14  Probe  
  52  7:15  Probe  
  54  7:23  Probe  
  54  7:26  Probe  
  56  7:33  Probe  
  57  7:38  Probe  
  57  7:42  Observer  
  58  7:45  Probe  
  58  7:50  Probe  
  61  7:57  Probe  
  62  7:59  Pylon  
  62  8:00  Observer  
  62  8:02  Probe  
  64  8:27  Twilight Council  
  63  8:36  Stalker x3  
  63  8:37  Stalker x2  
  39  9:34  Stalker x5  
Show
View Real Time Build Order
Export as new Build Order

EdBoi Protoss 

Build Orders: Cannon Rush 

Get SALT Encoding   

  1  0:00  Probe  
  12  0:06  Probe  
  14  0:20  Pylon  
  14  0:52  Forge  
  14  1:19  Pylon  
  14  1:23  Probe  
  15  1:29  Pylon  
  15  1:35  Probe  
  15  1:39  Photon Cannon  
  16  1:42  Pylon  
  16  1:45  Photon Cannon  
  16  1:52  Photon Cannon  
  14  2:03  Probe  
  16  2:15  Probe  
  16  2:27  Probe  
  17  2:33  Assimilator  
  17  2:37  Assimilator  
  17  2:39  Probe  
  18  2:51  Probe  
  19  2:59  Probe  
  20  3:08  Probe  
  21  3:15  Gateway  
  21  3:18  Probe  
  21  3:26  Pylon  
  22  3:30  Photon Cannon  
  22  3:47  Photon Cannon  
  22  3:52  Photon Cannon  
  22  3:54  Probe  
  23  4:17  Cybernetics Core  
  23  4:35  Pylon  
  23  4:37  Probe  
  24  4:49  Probe  
  25  4:56  Pylon  
  25  5:00  Probe  
  25  5:01  Nexus  
  26  5:19  Stargate  
  26  5:24  Stargate  
  26  5:27  Probe  
  27  5:39  Probe  
  28  5:51  Probe  
  29  6:02  Void Ray  
  29  6:03  Probe  
  34  6:07  Void Ray  
  38  6:13  Probe  
  38  6:15  Probe  
  40  6:25  Probe  
  40  6:27  Probe  
  42  6:37  Probe  
  42  6:39  Probe  
  44  6:46  Nexus  
  44  6:50  Probe  
  45  6:57  Void Ray  
  49  7:06  Probe x2  
  51  7:18  Probe  
  52  7:25  Probe  
  53  7:30  Probe  
  53  7:33  Void Ray  
  53  7:36  Assimilator  
  59  7:37  Probe  
  59  7:40  Assimilator  
  59  7:42  Probe  
  60  7:44  Stargate  
  60  7:49  Probe  
  60  7:50  Pylon  
  61  7:54  Probe  
  61  7:58  Void Ray  
  61  8:31  Void Ray  
  62  8:41  Void Ray  
  62  8:45  Void Ray  
  45  9:25  Void Ray  
  49  9:37  Probe x2  
  50  9:49  Probe x2  
Show
View Real Time Build Order
Export as new Build Order

ShadowDragon Zerg 

Build Orders: Hatch First, Swarm Host 

Get SALT Encoding   

  12  0:02  Drone  
  13  0:16  Drone  
  14  0:45  Hatchery  
  13  0:54  Drone  
  14  0:58  Spawning Pool  
  13  1:07  Drone  
  14  1:13  Overlord  
  14  1:24  Extractor  
  13  1:30  Drone  
  14  1:33  Drone x2  
  16  1:52  Drone  
  17  1:58  Queen  
  17  1:59  Extractor  
  17  2:00  Drone  
  19  2:03  Queen  
  20  2:09  Drone  
  21  2:22  Zergling x6  
  24  2:25  Zergling x2  
  25  2:32  Metabolic Boost  
  25  2:37  Drone  
  25  2:43  Drone  
  27  2:46  Zergling x2  
  27  2:51  Overlord  
  28  3:03  Lair  
  28  3:16  Drone x4  
  28  3:18  Drone  
  29  3:27  Spine Crawler  
  27  3:35  Spine Crawler  
  26  3:42  Spine Crawler  
  25  3:49  Spine Crawler  
  25  3:53  Drone x2  
  26  3:56  Drone  
  26  3:58  Drone  
  28  4:08  Zergling x2, Spine Crawler  
  28  4:12  Zergling x2  
  28  4:15  Zergling x2  
  30  4:19  Zergling x2  
  30  4:22  Zergling x2  
  32  4:25  Zergling x2  
  33  4:31  Zergling x2  
  33  4:35  Drone  
  33  4:37  Drone  
  36  4:45  Spine Crawler  
  35  4:46  Drone  
  35  4:52  Overlord  
  36  4:56  Overlord  
  36  5:04  Overlord  
  36  5:17  Spine Crawler  
  35  5:24  Drone  
  35  5:26  Extractor  
  35  5:29  Extractor  
  35  5:33  Infestation Pit  
  33  5:40  Spire  
  33  5:41  Spore Crawler  
  31  5:44  Spore Crawler  
  31  5:47  Drone  
  31  5:49  Drone  
  32  5:53  Drone  
  33  5:57  Drone  
  33  6:00  Drone  
  35  6:06  Drone  
  35  6:08  Drone  
  37  6:13  Drone  
  37  6:15  Drone  
  37  6:18  Drone  
  40  6:37  Drone x2  
  40  6:38  Drone  
  40  6:39  Drone x2  
  45  6:41  Drone  
  45  6:43  Drone x4  
  45  6:46  Drone  
  51  6:53  Mutalisk  
  53  7:08  Mutalisk  
  53  7:09  Mutalisk x2  
  53  7:12  Overlord x2  
  59  7:21  Nydus Network  
  58  7:45  Swarm Host x2  
  58  7:46  Swarm Host x4  
  76  7:54  Overlord  
  76  7:55  Overlord  
  76  7:56  Overlord  
  76  7:59  Pneumatized Carapace  
  69  8:09  Overlord x2  
  61  8:24  Drone x2  
  61  8:25  Drone  
  62  8:28  Mutalisk  
  62  8:32  Mutalisk  
  66  8:38  Mutalisk  
  68  8:41  Mutalisk  
  68  8:46  Mutalisk  
  72  8:53  Swarm Host  
  72  8:55  Swarm Host  
  70  9:02  Mutalisk  
  71  9:12  Drone x3  
  38  9:31  Mutalisk x2  
Show
View Real Time Build Order
Export as new Build Order

Faust Zerg - Winner!

Build Orders: Hatch First 

Get SALT Encoding   

  12  0:01  Drone  
  13  0:09  Drone  
  14  0:14  Extractor  
  14  0:18  Extractor, Drone  
  15  0:23  Overlord  
  15  0:54  Drone  
  15  0:55  Drone  
  17  1:02  Hatchery  
  16  1:11  Spawning Pool  
  15  1:25  Extractor, Drone x3  
  17  1:59  Zergling x2  
  17  2:00  Zergling x4, Queen  
  22  2:14  Queen, Overlord  
  24  2:29  Drone x2  
  26  2:43  Metabolic Boost  
  26  2:46  Drone x2  
  29  2:51  Drone x3  
  31  3:05  Drone x3  
  33  3:32  Drone  
  33  3:33  Drone  
  35  3:43  Lair, Extractor  
  35  3:44  Overlord x6  
  32  4:26  Drone x3  
  32  4:27  Drone x2  
  32  4:28  Extractor  
  32  4:29  Drone x3  
  32  4:30  Extractor, Drone x2  
  40  4:41  Drone x3  
  43  4:46  Spire  
  43  4:52  Drone  
  43  5:05  Hatchery  
  42  5:07  Overlord x2  
  42  5:08  Drone x3  
  42  5:09  Drone  
  42  5:10  Overlord  
  46  5:17  Extractor x2  
  44  5:22  Drone x2  
  44  5:23  Drone x2  
  48  5:36  Drone  
  48  5:37  Drone x2  
  48  5:38  Drone x2  
  48  5:39  Drone  
  54  5:55  Drone  
  55  5:58  Mutalisk x2  
  55  5:59  Mutalisk x2  
  63  6:18  Queen  
  65  6:20  Mutalisk x5  
  65  6:21  Mutalisk  
  65  6:23  Drone  
  78  6:27  Zerg Flyer Weapons Level 1  
  78  6:34  Spore Crawler  
  77  6:40  Drone x10  
  77  6:46  Infestation Pit  
  86  6:48  Mutalisk  
  86  6:50  Mutalisk  
  90  6:58  Drone x2  
  92  7:05  Overlord x3  
  92  7:06  Overlord  
  92  7:08  Drone  
  93  7:09  Drone  
  94  7:24  Extractor, Hatchery  
  94  7:27  Extractor  
  91  7:37  Drone x3  
  91  7:38  Drone x5  
  91  7:39  Drone x6  
  105  7:47  Hive  
  105  8:13  Mutalisk x3  
  105  8:14  Mutalisk x10  
  125  8:36  Hatchery  
  120  8:54  Hatchery  
  115  8:59  Mutalisk x7  
  129  9:12  Drone x3  
  129  9:13  Drone x3  
  135  9:22  Mutalisk x2  
  139  9:27  Overlord x2  
Show
View Real Time Build Order
Export as new Build Order

Cthulhu Terran - Winner!

Build Orders:  

Get SALT Encoding   

  12  0:01  SCV  
  13  0:13  SCV  
  14  0:23  Supply Depot  
  14  0:25  SCV  
  15  0:44  SCV  
  15  0:45  Barracks  
  16  1:12  Command Center  
  16  1:26  SCV  
  17  1:33  Marine  
  18  2:02  Marine  
  18  2:08  SCV  
  20  2:12  Refinery  
  20  2:13  Refinery  
  20  2:15  Barracks  
  20  2:16  Barracks  
  20  2:19  Engineering Bay  
  19  2:27  Barracks  
  19  2:30  Marine  
  19  2:32  SCV x2  
  22  2:48  Orbital Command  
  22  2:50  SCV  
  23  3:11  SCV  
  24  3:36  Orbital Command  
  24  3:38  SCV  
  24  3:39  Barracks Tech Lab  
  25  3:41  Barracks Reactor  
  25  3:46  Barracks Reactor  
  25  3:56  SCV  
  25  3:57  Command Center  
  25  4:00  Supply Depot  
  25  4:10  SCV x2  
  25  4:13  Marauder  
  25  4:15  Stimpack  
  29  4:22  SCV  
  28  4:34  Marine x2  
  30  4:39  Marine x2  
  30  4:40  Marauder  
  30  4:42  Terran Infantry Weapons Level 1  
  34  4:47  Factory  
  34  4:48  SCV x2  
  34  4:52  Refinery  
  36  4:55  Marine x2  
  36  4:56  Refinery  
  38  5:05  Bunker  
  38  5:07  SCV x2  
  38  5:10  Marine x2  
  38  5:12  Marauder  
  44  5:19  SCV  
  45  5:27  Marine, SCV  
  45  5:28  Marine  
  48  5:32  SCV, Factory Reactor  
  48  5:35  Starport  
  49  5:42  Armory  
  49  5:50  Orbital Command  
  49  5:52  Supply Depot  
  49  5:53  SCV  
  50  5:58  SCV  
  50  6:03  Marine, Marauder  
  54  6:04  Marine  
  55  6:14  SCV x2  
  57  6:22  Supply Depot  
  57  6:30  SCV x2  
  59  6:36  Terran Infantry Weapons Level 2  
  59  6:37  Medivac x2  
  59  6:38  Marine  
  59  6:39  Marine x3  
  67  6:41  Marauder  
  69  6:48  SCV x2  
  69  6:49  SCV  
  69  6:53  Supply Depot  
  72  7:07  Marine x3  
  75  7:08  Medivac  
  75  7:13  Supply Depot  
  75  7:15  Medivac  
  79  7:17  Supply Depot  
  79  7:27  Combat Shield  
  79  7:34  SCV x3  
  82  7:39  Marine x4, Refinery  
  82  7:41  Refinery, Marauder  
  82  7:42  Medivac  
  90  7:44  Factory Tech Lab  
  90  7:46  SCV  
  91  8:06  SCV  
  91  8:07  Marine x5, SCV  
Show
View Real Time Build Order
Export as new Build Order

Throwfordays Zerg - Winner!

Build Orders: Hatch First, Zergling Baneling 

Get SALT Encoding   

  12  0:01  Drone  
  13  0:12  Overlord  
  13  0:17  Drone  
  14  0:31  Drone x2  
  16  0:50  Hatchery  
  16  0:54  Drone  
  16  0:59  Drone  
  17  1:13  Spawning Pool  
  17  1:16  Drone  
  17  1:21  Extractor  
  17  1:22  Drone  
  17  1:25  Drone  
  18  2:00  Zergling x6  
  21  2:03  Queen  
  23  2:16  Zergling x4  
  23  2:17  Queen  
  27  2:34  Baneling Nest  
  27  2:35  Zergling x4  
  28  2:41  Overlord  
  28  3:04  Extractor  
  27  3:15  Drone  
  27  3:16  Drone x2  
  29  3:21  Drone x3  
  32  3:39  Drone x2  
  34  3:45  Drone  
  34  3:46  Drone  
  36  3:48  Overlord  
  36  3:54  Overlord x2  
  36  3:57  Metabolic Boost  
  36  4:00  Lair  
  32  4:16  Drone x3  
  35  4:22  Zergling x2  
  35  4:23  Zergling x10  
  39  4:33  Zergling x4  
  39  4:34  Zergling x2  
  42  4:41  Drone  
  43  4:47  Zergling x2  
  43  4:48  Zergling x2  
  43  4:49  Baneling x6  
  43  4:50  Baneling x3  
  45  4:57  Centrifical Hooks  
  45  5:04  Drone x3  
  45  5:05  Drone  
  49  5:09  Drone  
  49  5:10  Drone  
  49  5:11  Drone  
  52  5:15  Overlord  
  52  5:27  Extractor  
  51  5:30  Extractor  
  51  5:34  Drone x3  
  53  5:57  Drone x3  
  55  5:58  Drone  
  55  6:01  Drone x2  
  55  6:02  Hatchery  
  58  6:04  Zergling x2  
  58  6:05  Zergling x2  
  58  6:08  Overlord x3  
  58  6:11  Overlord x2  
  60  6:27  Zergling x4  
  60  6:28  Zergling x4  
  64  6:33  Queen  
  66  6:42  Zergling x10  
  66  6:44  Zergling x2  
  72  7:01  Zergling x2  
  72  7:02  Zergling x6  
  72  7:04  Baneling x7  
  72  7:05  Baneling  
  76  7:09  Zergling x6  
  76  7:10  Zergling x2  
  80  7:17  Drone  
  81  7:40  Evolution Chamber  
  81  7:42  Zergling x2  
  81  7:43  Zergling x8, Evolution Chamber  
  84  7:45  Zergling x6  
  84  7:46  Zergling x6  
  90  7:53  Drone x5  
  95  8:20  Baneling x7  
  95  8:21  Baneling x10  
  95  8:29  Zergling x10  
  95  8:33  Zergling x6  
  95  8:34  Zergling x6  
  70  9:13  Baneling x4  
  70  9:14  Baneling x6  
  70  9:15  Baneling x6  
  70  9:16  Baneling x6  
  64  9:18  Drone x4  
  64  9:19  Drone x2  
  64  9:23  Zergling x10  
  64  9:24  Zergling x2  
  76  9:28  Zergling x10  
  81  9:35  Drone  
Tags
 
Add a new tag
Caveats
  • Supply blocks, unpowered buildings, or Contaminate may cause inaccurate times.
  • Supply counts are checked every 10 seconds.